 Dungeon Crawl Stone Soup version 0.26-b1-32-g5d43845318 (webtiles) character file.

Game seed: 1748923769350667977

166 MisterFreud the Chiller (level 5, -4/35 HPs)
             Began as a Demonspawn Ice Elementalist on Jan 11, 2021.
             Slain by a gnoll
             ... wielding a +0 spear
              (5 damage)
             ... on level 4 of the Dungeon.
             The game lasted 00:03:17 (2014 turns).

MisterFreud the Chiller (DsIE)                      Turns: 2014, Time: 00:03:18

Health: -4/35      AC:  2    Str:  8    XL:     5   Next: 22%
Magic:  0/8        EV: 12    Int: 17    God:
Gold:   49         SH:  0    Dex: 14    Spells: 4/8 levels left

rFire    . . .     SeeInvis .   h - +0 short sword
rCold    . . .     Faith    .   (no shield)
rNeg     . . .     Spirit   +   a - +0 robe
rPois    .         Reflect  .   (no helmet)
rElec    .         Harm     .   (no cloak)
rCorr    .         Rampage  .   (no gloves)
Will     .....                  (no boots)
Stlth    +.........             (no amulet)
HPRegen  0.11/turn              c - ring of attention (curse)
MPRegen  0.11/turn              (no ring)

@: no status effects
A: claws 2, demonic guardian 1, magic shield
a: no special abilities


You were on level 4 of the Dungeon.
You visited 1 branch of the dungeon, and saw 3 of its levels.

You collected 49 gold pieces.

Inventory:

Hand Weapons
 h - a +0 short sword (weapon)
Armour
 a - a +0 robe (worn)
Jewellery
 c - a cursed ring of attention (left claw)
Scrolls
 b - a scroll of enchant weapon {unknown}
 d - a scroll of noise {unknown}
 e - a scroll of fog {unknown}
 f - a scroll of blinking {unknown}
 g - a scroll of enchant armour {unknown}
Potions
 i - a potion of mutation {unknown}
 j - a potion of curing {unknown}
 k - a potion of flight {unknown}
 l - a potion of lignification {unknown}


   Skills:
 - Level 1.7 Dodging
 - Level 1.7 Stealth
 + Level 2.0 Spellcasting
 + Level 6.0 Ice Magic


You had 4 spell levels left.
You knew the following spells:

 Your Spells              Type           Power        Failure   Level
a - Freeze                Ice            88%          1%          1
b - Frozen Ramparts       Ice            44%          4%          3

Your spell library contained the following spells:

 Spells                   Type           Power        Failure   Level
 Ozocubu's Armour         Ice            22%          4%          3
 Hailstorm                Conj/Ice       11%          50%         4
 Summon Ice Beast         Ice/Summ       11%          50%         4


Dungeon Overview and Level Annotations

Branches:
Dungeon (2/15)

Altars:
Fedhas


Innate Abilities, Weirdness & Mutations

You have very sharp fingernails.
A weak demonic guardian rushes to your aid.
When hurt, damage is shared between your health and your magic reserves.


Message History

The gnoll hits your white imp with a +0 spear.
Your white imp dies!
The gnoll hits you with a +0 spear!
Casting: Freeze (safe; 1% risk of failure)
Confirm with . or Enter, or press ? or * to list all spells.
Aiming: Freeze (safe; 1% risk of failure)
Press: ? - help, Shift-Dir - straight line, f - gnoll
Aim: a gnoll, wielding a +0 spear (heavily wounded)
You freeze the gnoll.
The gnoll is heavily wounded.
The gnoll hits you with a +0 spear!
* * * LOW HITPOINT WARNING * * *
Unknown command.
Unknown command.
You hit the gnoll.
The gnoll is severely wounded.
The gnoll hits you with a +0 spear.
* * * LOW HITPOINT WARNING * * *
The gnoll hits you with a +0 spear.
You die...

# ##..#....#..
.#.#..#.......
............# ##
#..........##.###
#...............#..
#......)).......#.
#....).†(.........
........##g#.##.##..
..........@###
.........#.#
##......##.#
###..###..# ### #..#
#... .... ....
......


You could see a gnoll.

Vanquished Creatures
  A centaur (D:2)
  A gnoll (D:4)
  2 oozes (D:1)
  3 dart slugs (D:1)
  A leopard gecko (D:1)
  2 ball pythons
  8 goblins
  A hobgoblin (D:1)
  5 bats
  2 frilled lizards (D:1)
  6 kobolds
  4 rats
36 creatures vanquished.

Vanquished Creatures (collateral kills)
  A gnoll shaman (D:4)
  3 gnolls (D:4)
4 creatures vanquished.

Grand Total: 40 creatures vanquished

Notes
Turn   | Place    | Note
-------+----------+-------------------------------------------
     0 | D:1      | MisterFreud the Demonspawn Ice Elementalist began the quest
                  | for the Orb.
     0 | D:1      | Reached XP level 1. HP: 13/13 MP: 3/3
   141 | D:1      | Reached skill level 4 in Ice Magic
   142 | D:1      | Gained mutation: You have sharp fingernails. [demonic
                  | ancestry]
   142 | D:1      | Reached XP level 2. HP: 8/19 MP: 0/5
   818 | D:1      | Gained mutation: When hurt, damage is shared between your
                  | health and your magic reserves. [demonic ancestry]
   818 | D:1      | Reached XP level 3. HP: 24/24 MP: 3/6
  1546 | D:2      | Found a blossoming altar of Fedhas.
  1575 | D:2      | Noticed a centaur
  1587 | D:2      | Killed a centaur
  1588 | D:2      | Reached skill level 5 in Ice Magic
  1588 | D:2      | Gained mutation: A weak demonic guardian rushes to your
                  | aid. [demonic ancestry]
  1588 | D:2      | Reached XP level 4. HP: 4/30 MP: 0/7
  1990 | D:2      | You fall into a shaft and drop 2 floors!
  2000 | D:4      | Gained mutation: You have very sharp fingernails. [demonic
                  | ancestry]
  2000 | D:4      | Reached XP level 5. HP: 21/35 MP: 3/8
  2004 | D:4      | Reached skill level 6 in Ice Magic
  2009 | D:4      | Learned a level 3 spell: Frozen Ramparts
  2014 | D:4      | HP: 1/35 [gnoll/+0 spear (4)]
  2014 | D:4      | Slain by a gnoll

Illustrated notes

Levels and vault maps discovered:
D:1:      sevenhm_arrival_forest_fort_large_2, layout_loops_ring,
          minmay_indecisive_spiral
D:2:      layout_loops_cross, old_standard_altar
D:4:      layout_cave_pools, chequers_temple_overflow_statue_of_worship

Skill      XL: |  1  2  3  4  5 |
---------------+----------------+-----
Ice Magic      | 4 5 6 |  6.0
Dodging        | |  1.7
Stealth        | |  1.7
Spellcasting   | |  2.0

Action                   |  1- 3 |  4- 6 || total
-------------------------+-------+-------++-------
Melee: Unarmed           |    13 |       ||    13
       Short sword       |     5 |     2 ||     7
 Cast: Freeze            |    48 |     7 ||    55
Armor: Robe              |    12 |       ||    12
Dodge: Dodged            |    45 |     3 ||    48
